 Dungeon Crawl Stone Soup version 0.19.0-9-gfd783f2 (webtiles) character file.

13591 Exaltedone87 the Basher (level 11, 0/102 HPs)
             Began as a White Draconian Berserker on Nov 8, 2016.
             Was the Champion of Trog.
             Slain by a freezing wraith (8 damage)
             ... in an ice cave.
             The game lasted 00:41:13 (9017 turns).

Exaltedone87 the Basher (White Draconian Berserker) Turns: 9017, Time: 00:41:15

Health: 0/102      AC: 10    Str: 22    XL:     11   Next: 77%
Magic:  11/11      EV: 16    Int:  8    God:    Trog [******]
Gold:   595        SH:  0    Dex: 11    Spells: 0 memorised, 10 levels left

rFire  . . .     SeeInvis .     n - +4 whip (flame)
rCold  + . .     Gourm    .     (armour unavailable)
rNeg   . . .     Faith    .     (no shield)
rPois  .         Spirit   .     (helmet restricted)
rElec  .         Reflect  .     (no cloak)
rCorr  .         Harm     .     (no gloves)
MR     ++...                    j - +2 pair of boots
Stlth  +.........               d - amulet of regeneration
                                (no ring)
                                q - ring of flight

@: exhausted, regenerating, slowed, drained, very slow
A: breathe frost, unfitting armour, cold resistance 1, cold-blooded, AC +7
a: Breathe Frost, Berserk, Trog's Hand, Brothers in Arms, Burn Spellbooks,
Renounce Religion, Evoke Flight


You were in an ice cave.
You worshipped Trog.
Trog was exalted by your worship.
You were not hungry.

You visited 1 branch of the dungeon, and saw 11 of its levels.
You also visited: Sewer and Ice Cave.

You collected 679 gold pieces.
You spent 84 gold pieces at shops.

Inventory:

Hand Weapons
 l - a +3 flail
 n - a +4 whip of flaming (weapon)
 s - a +3 whip of draining
Missiles
 v - 15 tomahawks (quivered)
Armour
 j - a +2 pair of boots (worn)
Jewellery
 d - an amulet of regeneration (around neck)
 q - a ring of flight (left hand)
 x - an uncursed amulet of rage
Wands
 a - a wand of iceblast (6/15)
 e - a wand of enslavement (23/24)
 g - a wand of polymorph (16/24)
 i - a wand of iceblast (8/15)
 o - a wand of iceblast (8/15)
 r - a wand of iceblast (6/15)
 z - a wand of acid (12/15)
 C - a wand of flame (42/48)
 E - a wand of lightning (9/15)
Scrolls
 k - 5 scrolls of teleportation
 m - 7 scrolls of remove curse
 w - a scroll of fog
 y - a scroll of magic mapping
 B - a scroll of enchant armour
Potions
 h - 6 potions of curing
 u - a potion of brilliance
 D - a potion of agility
 G - a potion of haste {unknown}
Comestibles
 b - 3 bread rations
 c - 5 fruits
 f - 4 slices of pizza
 p - 6 meat rations
 F - 2 beef jerkies


   Skills:
 + Level 11.1(11.0) Fighting
 * Level 13.4(13.2) Maces & Flails
 + Level 9.2(9.0) Dodging


You had 10 spell levels left.
You didn't know any spells.

Dungeon Overview and Level Annotations

Branches:
Dungeon (11/15)            Temple (0/1) D:6             Orc (0/2) D:10
   Lair: D:8-11

Altars:
Cheibriados
Elyvilon
Gozag
Kikubaaqudgha
Nemelex Xobeh
Qazlal
Ru
Sif Muna
Uskayaw
Yredelemnul
The Shining One

Shops:
D:5 *   D:10 %(


Innate Abilities, Weirdness & Mutations

You can breathe waves of freezing cold.
You can buffet flying creatures when you breathe cold.
Your icy white scales are hard. (AC +7)
You cannot fit into any form of body armour.
Your flesh is cold resistant. (rC+)
You are cold-blooded and may be slowed by cold attacks.


Message History

You are no longer berserk.
You are exhausted.
You feel as though you will be slow longer.
You feel much better. The freezing wraith hits you!
The freezing wraith freezes you! You resist.
* * * LOW HITPOINT WARNING * * *
The freezing wraith hits you.
* * * LOW HITPOINT WARNING * * *
You feel much better. The freezing wraith hits you!
The freezing wraith freezes you! You resist.
* * * LOW HITPOINT WARNING * * *
The freezing wraith barely misses you.
You hit the freezing wraith but do no damage.
The freezing wraith is heavily damaged.
The freezing wraith hits you.
* * * LOW HITPOINT WARNING * * *
The freezing wraith freezes you! You resist.
* * * LOW HITPOINT WARNING * * *
The freezing wraith hits you!
You die...

#.......##....##..
##.....####..#####
#......# #### #
##....## ###
#...## ##.##
##..## #...##
#..## #....####..#
#..#...#@..#
#..##..WW.##
##.###...## #..
##### ##.. ...
#... #... #...


You could see 2 freezing wraiths.

Vanquished Creatures
  A hydra (D:11)
  The ghost of CompileTime the Slicer, a novice VSFi of Ashenzari (D:9)
  Pikel (D:4)
  2 gargoyles
  A troll (D:8)
  A wolf spider simulacrum (IceCv)
  Grinder (D:5)
  A hippogriff (D:10)
  A wyvern (D:11)
  A spriggan (D:7)
  15 yaks (D:9)
  The ghost of RighteousDevil the Skirmisher, an amateur DsMo (D:4)
  The ghost of matilix the Poker, an amateur DsCK of Xom (D:5)
  A death yak simulacrum (IceCv)
  2 hungry ghosts
  A steam dragon (D:6)
  Purgy (Sewer)
  4 orc warriors
  A sky beast (D:5)
  A black bear (D:7)
  An alligator simulacrum (IceCv)
  9 ice beasts
  A necrophage (D:9)
  7 ogres
  2 phantoms
  3 wolves (D:8)
  6 centaurs
  A crocodile (D:7)
  4 bullfrogs
  A gnoll sergeant (D:7)
  A scorpion (D:8)
  A wyvern skeleton (D:9)
  A water moccasin skeleton (D:5)
  2 howler monkeys
  15 killer bees
  14 wights
  A centaur zombie (D:5)
  5 crimson imps
  A centaur skeleton (D:5)
  7 orc priests
  14 hounds
  A gnoll shaman (D:5)
  A quasit (D:5)
  3 jellies
  15 orc wizards
  A bullfrog skeleton (D:8)
  3 iguanas
  Ijyb (D:2)
  7 worker ants
  A wolf simulacrum (IceCv)
  2 killer bee zombies
  A hound zombie (D:6)
  A howler monkey zombie (D:9)
  2 worker ant zombies
  A howler monkey skeleton (D:6)
  16 adders
  10 gnolls
  2 river rats (D:4)
  3 shadow imps
  5 white imps (IceCv)
  An adder zombie (D:6)
  3 adder skeletons
  5 worms
  A dart slug (D:3)
  7 leopard geckos
  46 orcs
  3 ball pythons
  8 giant cockroaches
  4 goblins
  4 hobgoblins
  6 jackals
  6 kobolds (D:1)
  6 quokkas
  6 bats
  8 frilled lizards
  A jackal skeleton (D:6)
  7 rats
334 creatures vanquished.

Vanquished Creatures (collateral kills)
  An orc warrior (D:9)
1 creature vanquished.

Vanquished Creatures (others)
  An orc (D:8)
  2 quokkas (D:8)
3 creatures vanquished.

Grand Total: 338 creatures vanquished

Notes
Turn   | Place    | Note
-------+----------+-------------------------------------------
     0 | D:1      | Exaltedone87 the Draconian Berserker began the quest for the Orb.
     0 | D:1      | Reached XP level 1. HP: 19/19 MP: 1/1
    85 | D:1      | Reached XP level 2. HP: 15/26 MP: 2/2
   283 | D:1      | Reached XP level 3. HP: 29/33 MP: 3/3
   341 | D:2      | Noticed Ijyb
   351 | D:2      | Killed Ijyb
   450 | D:2      | Reached ** piety under Trog
   450 | D:2      | Reached skill level 4 in Maces & Flails
   494 | D:2      | Reached XP level 4. HP: 38/40 MP: 4/4
  1129 | D:3      | Found a faded altar of an unknown god.
  1236 | D:3      | Reached XP level 5. HP: 47/47 MP: 5/5
  1784 | D:4      | Reached skill level 5 in Maces & Flails
  1856 | D:4      | Noticed RighteousDevil's ghost (amateur DsMo)
  1875 | D:4      | Killed RighteousDevil's ghost
  1875 | D:4      | Reached skill level 5 in Fighting
  1875 | D:4      | Reached XP level 6. HP: 18/56 MP: 6/6
  2074 | D:4      | Found a glowing drain.
  2116 | Sewer    | Entered a sewer
  2380 | Sewer    | Noticed Purgy
  2393 | Sewer    | Killed Purgy
  2478 | Sewer    | Reached *** piety under Trog
  2478 | Sewer    | Reached skill level 6 in Maces & Flails
  2561 | D:4      | Found a stormy altar of Qazlal.
  2685 | D:4      | Your scales start taking on an icy white colour.
  2685 | D:4      | Reached XP level 7. HP: 61/61 MP: 7/7
  2685 | D:4      | Gained mutation: Your flesh is cold resistant. (rC+) [White Draconian growth]
  2859 | D:4      | Noticed Pikel
  2909 | D:4      | Killed Pikel
  2909 | D:4      | Reached skill level 7 in Maces & Flails
  2909 | D:4      | Reached XP level 8. HP: 45/71 MP: 8/8
  3051 | D:4      | Got a steaming hand axe
  3249 | D:4      | Identified the +2 hand axe of Sunlight {chop, rElec rN+} (You found it on level 4 of the Dungeon)
  3255 | D:5      | Entered Level 5 of the Dungeon
  3312 | D:5      | Found Duny's General Store.
  3359 | D:5      | Reached skill level 5 in Dodging
  3420 | D:5      | Reached skill level 8 in Maces & Flails
  3550 | D:5      | Found a sacrificial altar of Ru.
  3550 | D:5      | Found a snail-covered altar of Cheibriados.
  3563 | D:5      | Noticed Grinder
  3589 | D:5      | Killed Grinder
  3634 | D:5      | Noticed matilix's ghost (amateur DsCK)
  3648 | D:5      | Killed matilix's ghost
  3744 | D:5      | Reached skill level 9 in Maces & Flails
  3744 | D:5      | Reached XP level 9. HP: 67/79 MP: 9/9
  3839 | D:5      | Found an ancient bone altar of Kikubaaqudgha.
  3995 | D:5      | Found an opulent altar of Gozag.
  4072 | D:5      | Found a glowing golden altar of the Shining One.
  4077 | D:5      | Found a basalt altar of Yredelemnul.
  4084 | D:5      | Noticed a profane servitor
  4090 | D:5      | Noticed an angel
  4241 | D:6      | Reached **** piety under Trog
  4557 | D:6      | Reached skill level 10 in Maces & Flails
  4794 | D:6      | Found a deep blue altar of Sif Muna.
  5063 | D:6      | Found a staircase to the Ecumenical Temple.
  5169 | D:6      | Identified a scroll of acquirement
  5407 | D:7      | Found a hide-covered altar of Uskayaw.
  5528 | D:7      | Reached XP level 10. HP: 89/90 MP: 10/10
  5573 | D:7      | Reached ***** piety under Trog
  5716 | D:7      | Found a sparkling altar of Nemelex Xobeh.
  6151 | D:8      | Reached skill level 11 in Maces & Flails
  6177 | D:8      | Found a white marble altar of Elyvilon.
  6618 | D:9      | Noticed CompileTime's ghost (novice VSFi)
  6669 | D:9      | Killed CompileTime's ghost
  6777 | D:9      | Reached skill level 10 in Fighting
  6789 | D:9      | Reached skill level 12 in Maces & Flails
  6827 | D:9      | Reached XP level 11. HP: 42/99 MP: 11/11
  7885 | D:10     | Entered Level 10 of the Dungeon
  7984 | D:10     | Found Orakhaim's Antique Weapon Shop.
  8178 | D:10     | Found a staircase to the Orcish Mines.
  8207 | D:10     | Found Zearpheikh's Food Shop.
  8222 | D:10     | Bought a meat ration for 65 gold pieces
  8222 | D:10     | Bought a beef jerky for 19 gold pieces
  8363 | D:10     | Reached ****** piety under Trog
  8602 | D:11     | Reached skill level 13 in Maces & Flails
  8620 | D:11     | Noticed a six-headed hydra
  8639 | D:11     | Killed a six-headed hydra
  8772 | D:11     | Found a frozen archway.
  8781 | IceCv    | Entered an ice cave
  8792 | IceCv    | HP: 2/150 [death yak simulacrum (20)]
  9017 | IceCv    | Slain by a freezing wraith

Skill      XL: |  1  2  3  4  5  6  7  8  9 10 11 |
---------------+----------------------------------+-----
Fighting       | 4 5 6 7 8 10 11 | 11.1
Dodging        | 3 4 5 7 8 9 |  9.2
Maces & Flails | 4 5 6 7 9 10 12 13 | 13.4

Action                   |  1- 3 |  4- 6 |  7- 9 | 10-12 || total
-------------------------+-------+-------+-------+-------++-------
Melee: Mace              |    62 |   218 |    31 |       ||   311
       Tailslap          |     8 |    26 |    61 |   105 ||   200
       Unarmed           |     7 |       |       |       ||     7
       Whip              |       |       |   415 |   368 ||   783
       Flail             |       |       |       |   389 ||   389
Invok: Berserk           |       |     3 |     4 |     6 ||    13
       Trog's Hand       |       |       |     4 |     9 ||    13
 Abil: Breathe Frost     |       |       |     2 |       ||     2
Evoke: Wand              |       |       |     1 |     1 ||     2
  Use: Scroll            |       |    11 |    13 |     7 ||    31
       Potion            |       |     4 |     3 |     2 ||     9
 Stab: Sleeping          |       |     1 |     1 |       ||     2
       Invisible         |       |       |     4 |       ||     4
  Eat: Meat ration       |       |     2 |     1 |       ||     3
       Bread ration      |       |       |     3 |     4 ||     7
       Beef jerky        |       |       |     1 |     1 ||     2
       Fruit             |       |       |     1 |     1 ||     2
Armor: Skin              |    31 |    83 |   117 |   168 ||   399
Dodge: Dodged            |    49 |   179 |   257 |   517 ||  1002
